 Dungeon Crawl Stone Soup version 0.31-a0-632-g766dd24fdf (webtiles) character file.

Game seed: 1603129330577954722

6952 sircluck the Cleaver (level 11, -2/101 HPs)
             Began as a Hill Orc Fighter on Aug 23, 2023.
             Was a Priest of Beogh (penitent).
             Slain by a killer bee (3 damage)
             ... summoned by an orange crystal statue
             ... on level 9 of the Dungeon on Aug 25, 2023.
             The game lasted 00:25:37 (10541 turns).

sircluck the Cleaver (Hill Orc Fighter)            Turns: 10541, Time: 00:25:37

Health: -2/101     AC: 12    Str: 24      XL:     11   Next: 7%
Magic:  1/11       EV: 13    Int:  5 (8)  God:    Beogh [***...]
Gold:   355        SH:  0    Dex: 10      Spells: 10/10 levels left

rFire   + . .        a - +0 war axe (vamp)
rCold   . . .        I - +1 tower shield
rNeg    . . .        b - +0 scale mail
rPois   +            (helmet restricted)
rElec   .            F - +2 cloak
rCorr   .            (no gloves)
SInv    .            (no boots)
Will    .....        n - amulet of reflection Stlth
                     j - +5 ring of evasion
HPRegen 1.16/turn    l - ring of poison resistance
MPRegen 0.12/turn

%: reflection
@: confused, lethally poisoned (-2 -> -5), slowed, very slow
A: fangs 1, horns 1, fire resistance 1, regeneration 1
a: Renounce Religion


You were on level 9 of the Dungeon.
You worshipped Beogh.
Beogh was demanding penance.
You visited 1 branch of the dungeon, and saw 9 of its levels.

You collected 415 gold pieces.
You spent 60 gold pieces at shops.

Inventory:

Hand Weapons
 a - a +0 vampiric war axe (weapon)
Missiles
 h - 45 stones
 w - 10 boomerangs
 x - 15 poisoned darts (quivered)
Armour
 b - a +0 scale mail (worn)
 c - a +0 buckler
 u - a +0 chain mail
 F - a +2 cloak (worn)
 I - a +1 tower shield (worn)
Jewellery
 j - a +5 ring of evasion (left hand)
 l - a ring of poison resistance (right hand)
 n - an amulet of reflection (around neck)
 q - a ring of flight
 v - a ring of positive energy
Talismans
 f - a flux talisman
Wands
 G - a wand of paralysis (7)
Scrolls
 d - a scroll of enchant weapon
 e - 4 scrolls of blinking
 g - 2 scrolls of vulnerability
 i - 4 scrolls of teleportation
 m - a scroll of silence
 o - a scroll of identify
 p - a scroll of enchant armour
 D - a scroll of immolation
 H - a scroll of poison
Potions
 k - 2 potions of resistance
 r - 2 potions of brilliance
 s - a potion of attraction
 t - 2 potions of haste
 B - 2 potions of heal wounds


   Skills:
 + Level 10.6 Fighting
 + Level 11.2 Axes
 + Level 9.7 Armour
 + Level 9.8 Shields


You had 10 spell levels left.
You didn't know any spells.
Your spell library contained the following spells:

 Spells                   Type           Power      Damage    Failure   Level
 Apportation              Tloc           0%         N/A       99%         1
 Magic Dart               Conj           0%         1d3       99%         1
 Call Imp                 Summ           0%         N/A       99%         2
 Cigotuvi's Dreadful Rot  Necr/Pois/Air  0%         N/A       99%         2
 Ensorcelled Hibernation  Hex/Ice        0%         N/A       99%         2
 Passwall                 Tmut/Erth      0%         N/A       99%         2
 Frozen Ramparts          Ice            0%         1d1       100%        3
 Ignite Poison            Fire/Tmut/Pois 0%         N/A       100%        3
 Mephitic Cloud           Conj/Pois/Air  0%         N/A       100%        3
 Swiftness                Air            0%         N/A       100%        3
 Iskenderun's Mystic Bla  Conj/Tloc      0%         2d3       100%        4
 Petrify                  Tmut/Erth      0%         N/A       100%        4
 Freezing Cloud           Conj/Ice/Air   0%         6-21      100%        5
 Metabolic Englaciation   Hex/Ice        0%         N/A       100%        5
 Summon Forest            Summ/Tloc      0%         N/A       100%        5


Dungeon Overview and Level Annotations

Branches:
Dungeon (9/15)             Temple (0/1) D:7            Lair (0/5) D:8
    Orc: D:9-12

Altars:
Elyvilon
Kikubaaqudgha
Vehumet
Yredelemnul
Zin

Shops:
D:1 =   D:5 !   D:6 *   D:7 :

Annotations:
D:9 exclusion: orange crystal statue


Innate Abilities, Weirdness & Mutations

You have very sharp teeth.
You have a pair of small horns on your head.
Your flesh is heat resistant. (rF+)
Your natural rate of healing is unusually fast.


Message History

You closely miss the kobold demonologist.
You completely miss the killer bee. You closely miss the shadow imp.
You barely miss the kobold brigand. You miss the killer bee.
You slash the killer bee! You barely miss the killer bee.
You feel very sick.
The killer bee stings you but does no damage.
The killer bee barely misses you. x2; The killer bee stings you.
* * * LOW HITPOINT WARNING * * *
The killer bee barely misses you. The killer bee stings you.
* * * LOW HITPOINT WARNING * * *
The kobold brigand barely misses you. The killer bee stings you.
* * * LOW HITPOINT WARNING * * *
The kobold demonologist hits you but does no damage.
The killer bee stings you but does no damage.
The shadow imp closely misses you. The killer bee completely misses you.
The killer bee barely misses you.
The killer bee stings you but does no damage.
The killer bee barely misses you.
The orange crystal statue glitters.
You are more confused.
Your orc warrior appears confused.
The kobold brigand hits you with a +0 club.
* * * LOW HITPOINT WARNING * * *
The kobold demonologist mumbles some strange words.
You miss the killer bee. Your headbutt misses the killer bee.
The killer bee is heavily wounded.
You hit the kobold demonologist. You slash the shadow imp!
You kill the shadow imp!
The shadow imp disappears in a puff of smoke!
You miss the kobold brigand. You barely miss the killer bee.
You completely miss the killer bee. You barely miss the killer bee.
You feel very sick.
The kobold brigand looks more healthy.
The killer bee misses you.
The killer bee closely misses you. x2; The killer bee stings you!
* * * LOW HITPOINT WARNING * * *
You are lethally poisoned!
The killer bee poisons you!
The killer bee stings you but does no damage.
The killer bee stings you.
You die...

##..## #..## #.##
###'######
###..o.......
#####.'...o..<...
#.....)..........
##
#....y.ยง.........
.##
#...Ky@K5...#.###
..######
#....yKy......#
o.....)#
#.....K5......#
##.###.#
#....48.....#.#
.#.#
#...........#.# .#
# .............#
## >..............
#..............


You could see an orange crystal statue, an orc knight (confused), a kobold
demonologist (summoned), a red devil (summoned), 2 kobold brigands, 4 killer
bees, 2 white imps, a kobold (summoned) and a friendly orc warrior (confused).

Vanquished Creatures
  A two-headed ogre (D:7)
  Pikel (D:3)
  A wyvern (D:9)
  7 yaks
  A steam dragon (D:8)
  Menkaure (D:4)
  A water moccasin (D:5)
  2 orc warriors
  A black bear (D:6)
  2 sky beasts (D:6)
  4 ogres
  2 lemures (D:4)
  A centaur (D:9)
  A phantom (D:7)
  2 kobold brigands
  3 bullfrogs
  3 scorpions
  Blork the orc (D:4)
  3 wights (D:8)
  2 jellies
  10 killer bees
  3 howler monkeys
  5 hounds
  2 gnoll boudas
  2 orc priests
  5 iguanas
  3 sleepcaps
  8 orc wizards
  Terence (D:2)
  8 adders
  7 gnolls
  2 shadow imps
  A white imp (D:5)
  4 worms
  5 dart slugs
  27 orcs
  7 bats
  9 endoplasms
  4 giant cockroaches
  7 goblins
  3 hobgoblins
  2 jackals (D:5)
  3 quokkas
  5 ball pythons
  7 frilled lizards
  12 kobolds
  5 rats
197 creatures vanquished.

Vanquished Creatures (collateral kills)
  A two-headed ogre (D:9)
  2 rust devils (D:7)
  A wraith (D:9)
  2 orc warriors
  A jelly (D:8)
  2 orc priests (D:9)
9 creatures vanquished.

Vanquished Creatures (others)
  2 orc priests
  7 orcs
9 creatures vanquished.

Grand Total: 215 creatures vanquished

Notes
Turn   | Place    | Note
-------+----------+-------------------------------------------
     0 | D:1      | sircluck the Hill Orc Fighter began the quest for the Orb.
     0 | D:1      | Reached XP level 1. HP: 19/19 MP: 1/1
    61 | D:1      | Reached skill level 3 in Axes
    61 | D:1      | Reached XP level 2. HP: 23/27 MP: 2/2
   239 | D:1      | Reached XP level 3. HP: 33/33 MP: 3/3
   554 | D:1      | Found Loteside's Jewellery Boutique.
   888 | D:1      | Found a faded altar of an unknown god.
  1050 | D:2      | Identified the +2 robe "Vimnoiwk" {rPois Int+3}
  1447 | D:2      | Noticed Terence
  1457 | D:2      | Killed Terence
  1458 | D:2      | Reached XP level 4. HP: 31/41 MP: 4/4
  2053 | D:3      | Became a worshipper of Beogh the Brigand
  2080 | D:3      | Reached skill level 4 in Axes
  2080 | D:3      | Reached XP level 5. HP: 21/47 MP: 5/5
  2498 | D:4      | Found a basalt altar of Yredelemnul.
  2511 | D:4      | Noticed an ogre
  2526 | D:4      | Killed an ogre
  2527 | D:4      | Reached skill level 5 in Fighting
  2527 | D:4      | Reached XP level 6. HP: 38/56 MP: 6/6
  2528 | D:4      | Upgraded the game from 0.31-a0-620-gd1cbd99268 to
                  | 0.31-a0-632-g766dd24fdf
  2623 | D:4      | Noticed Menkaure
  2632 | D:4      | Killed Menkaure
  2633 | D:4      | Reached skill level 5 in Axes
  2635 | D:4      | Reached skill level 5 in Armour
  2838 | D:4      | Reached skill level 5 in Shields
  2839 | D:4      | Reached XP level 7. HP: 48/61 MP: 7/7
  3009 | D:4      | Reached * piety under Beogh
  3029 | D:4      | Noticed Pikel
  3044 | D:4      | HP: 1/62 [lemure[Pikel] (8)]
  3282 | D:4      | HP: 3/62 [lemure[Pikel] (6)]
  3502 | D:4      | Noticed Blork the orc
  3512 | D:4      | Killed Blork the orc
  4086 | D:3      | Killed Pikel
  4087 | D:3      | Reached skill level 6 in Axes
  4087 | D:3      | Reached XP level 8. HP: 39/71 MP: 8/8
  4585 | D:5      | Entered Level 5 of the Dungeon
  4593 | D:5      | Reached skill level 7 in Axes
  4916 | D:5      | Found Feusua Senu's Distillery.
  4921 | D:5      | Bought a potion of heal wounds for 60 gold pieces
  5139 | D:5      | Reached XP level 9. HP: 75/79 MP: 9/9
  5283 | D:5      | Reached ** piety under Beogh
  5502 | D:5      | Reached skill level 8 in Axes
  6189 | D:6      | Found a white marble altar of Elyvilon.
  6807 | D:6      | Found Zin's Purification Station.
  6812 | D:6      | Found a glowing silver altar of Zin.
  7171 | D:7      | Found an ancient bone altar of Kikubaaqudgha.
  7210 | D:7      | Reached skill level 9 in Axes
  7409 | D:7      | Found Gazxity's Self-Improvement Boutique.
  7628 | D:7      | Noticed a two-headed ogre
  7654 | D:7      | Killed a two-headed ogre
  7655 | D:7      | Reached XP level 10. HP: 91/91 MP: 10/10
  7695 | D:7      | Found a staircase to the Ecumenical Temple.
  7856 | D:7      | Found a radiant altar of Vehumet.
  8285 | D:7      | Reached *** piety under Beogh
  8302 | D:7      | Reached skill level 10 in Axes
  8912 | D:8      | Found a staircase to the Lair.
  9129 | D:8      | Gained mutation: Your system is resistant to poisons.
                  | (rPois) [potion of mutation]
  9173 | D:8      | Lost mutation: Your system is resistant to poisons. (rPois)
                  | [potion of mutation]
  9173 | D:8      | Gained mutation: Your natural rate of healing is unusually
                  | fast. [potion of mutation]
  9173 | D:8      | Gained mutation: You have a pair of small horns on your
                  | head. [potion of mutation]
  9173 | D:8      | Gained mutation: You have very sharp teeth. [potion of
                  | mutation]
  9173 | D:8      | Gained mutation: Your flesh is heat resistant. (rF+)
                  | [potion of mutation]
  9485 | D:8      | Got Sif Muna's Catalogue of Coordinates
  9926 | D:7      | Noticed a rust devil
  9926 | D:7      | Noticed a rust devil
  9935 | D:7      | Killed a rust devil
  9940 | D:7      | Killed a rust devil
  9941 | D:7      | Reached skill level 10 in Fighting
 10504 | D:9      | Noticed an orange crystal statue
 10504 | D:9      | Noticed a two-headed ogre
 10511 | D:9      | Killed a two-headed ogre
 10512 | D:9      | Reached skill level 11 in Axes
 10512 | D:9      | Reached XP level 11. HP: 85/101 MP: 2/11
 10512 | D:9      | Noticed a two-headed ogre
 10538 | D:9      | Was placed under penance by Beogh
 10541 | D:9      | HP: 1/101 [killer bee[an orange crystal statue] (8)]
 10541 | D:9      | Slain by a killer bee

Illustrated notes

Levels and vault maps discovered:
D:1:      ncdulo_watergridlock, layout_basic, ebering_ecumenical_altar_mist,
          serial_shops, nicolae_shop_back_alley_shop,
          nicolae_figureground_sparkle
D:2:      layout_basic, serial_forest, infiniplex_forest_straight_1,
          infiniplex_forest_3_way, infiniplex_forest_end_3,
          infiniplex_forest_zigzag_1, infiniplex_forest_clump_double,
          infiniplex_forest_clump_double, infiniplex_forest_straight_2,
          infiniplex_forest_lined_2, hex_large, kennysheep_big_empty_room,
          uniq_terence
D:3:      layout_rooms
D:4:      layout_gridville, nicolae_overflow_crystal_walls, uniq_blork_the_orc,
          uniq_menkaure, uniq_pikel
D:5:      layout_cave_pools, serial_shops, kennysheep_little_box,
          nzn_random_ring
D:6:      layout_loops_corners, elyvilon_altar_3, zin_purify
D:7:      cheibrodos_iron_armory, layout_gridville, old_standard_altar,
          mainiacjoe_overflow_24_doors, minmay_temple_entry_statues_pillars,
          nicolae_shop_self_help
D:8:      layout_loops_ring, dpeg_oklobed_lair
D:9:      layout_basic, mainiacjoe_overflow_alcove_4,
          mainiacjoe_overflow_alcove_3, serial_shops, shop, minivault_16

Skill      XL: |  1  2  3  4  5  6  7  8  9 10 |
---------------+-------------------------------+-----
Axes           | 3 4 5 6 7 9 11 | 11.2
Fighting       | 4 5 6 7 9 10 | 10.6
Armour         | 4 5 6 8 9 |  9.7
Shields        | 4 5 6 8 9 |  9.8

Action                     |  1- 3 |  4- 6 |  7- 9 | 10-12 || total
---------------------------+-------+-------+-------+-------++-------
  Melee: War axe           |   103 |   127 |   378 |   258 ||   866
         Headbutt          |       |       |       |    28 ||    28
         Bite              |       |       |       |    16 ||    16
  Throw: Dart              |       |     1 |       |       ||     1
 Invoke: Convert to Beogh  |       |     1 |       |       ||     1
  Evoke: Wand              |       |       |     1 |       ||     1
    Use: Potion            |       |     1 |     5 |     4 ||    10
         Scroll            |       |       |     1 |    15 ||    16
   Stab: Paralysed         |       |       |     7 |       ||     7
 Armour: Scale mail        |    48 |    34 |    83 |    92 ||   257
  Dodge: Dodged            |    43 |    72 |   227 |   171 ||   513
  Block: Buckler           |    29 |    47 |   222 |    31 ||   329
         Reflection        |       |       |     3 |     6 ||     9
         Tower shield      |       |       |       |   253 ||   253

Table legend: (Time is in decaauts)
 A = Elapsed time spent in this place.
 B = Non-inter-level travel time spent in this place.
 C = Inter-level travel time spent in this place.
 D = Time resting spent in this place.
 E = Time spent auto-exploring this place.
 F = Levels seen in this place.
 G = Mean time per level.
                   A        B        C        D        E       F      G
               +--------+--------+--------+--------+--------+-----+--------+
         Total |  10708 |  10391 |    317 |   1903 |   5927 |   9 | 1189.8 |
       Dungeon |  10708 |  10391 |    317 |   1903 |   5927 |   9 | 1189.8 |
               +--------+--------+--------+--------+--------+-----+--------+

Top non-repeatable levels by time:
     D:7: 1737 daAuts
     D:4: 1585 daAuts
     D:8: 1399 daAuts
     D:3: 1331 daAuts
     D:6: 1274 daAuts
     D:5: 1210 daAuts
     D:1: 1024 daAuts
     D:2: 791 daAuts
     D:9: 353 daAuts
